[Event "Modransky Cup 2025"]
[Site "Modra"]
[Date "2025.02.21"]
[Round "3.3"]
[White "Durana, Jonas"]
[Black "Kukla, Tomas"]
[Result "1-0"]
[Annotator "NA"]
[ECO "B03"]
[WhiteElo "2006"]
[BlackElo "1856"]
[PlyCount "66"]
[EventDate "2025.02.20"]
[EventCountry "SVK"]
[SourceTitle "playchess.com"]
[Source "ChessBase"]
[SourceQuality "1"]
[TimeControl "5400+30"]

1. e4 Nf6 2. e5 Nd5 3. d4 d6 4. exd6 exd6 5. c4 Nb6 6. Bd3 Nc6 7. Nf3 Bg4 8. Be2 Be7 9. b3 Bf6 10. Bb2 Qe7 11. O-O O-O 12. Nbd2 Bf5 13. Re1 Qd7 14. a3 Rae8 15. Ra2 d5 16. c5 Nc8 17. b4 a6 18. Nf1 Bg6 19. Ne3 N8e7 20. g4 h6 21. Bc3 Be4 22. a4 Ng6 23. b5 axb5 24. axb5 Nd8 25. Nd2 Nh4 26. Nxe4 Rxe4 27. Bd3 Rf4 28. Ng2 Rxg4 29. f3 Bxd4+ 30. Bxd4 Rxd4 31. Rd2 Qh3 32. Nxh4 Rxh4 33. Bf1 Qe6 1-0

[Event "Modransky Cup 2025"]
[Site "Modra"]
[Date "2025.02.21"]
[Round "3.4"]
[White "Janik, Marek Tobias"]
[Black "Oruzinsky, Juraj"]
[Result "1-0"]
[Annotator "ChessBase"]
[ECO "B31"]
[WhiteElo "2002"]
[BlackElo "2171"]
[PlyCount "67"]
[EventDate "2025.02.20"]
[EventCountry "SVK"]
[SourceTitle "playchess.com"]
[Source "ChessBase"]
[SourceQuality "1"]
[TimeControl "5400+30"]

1. e4 c5 2. Nf3 Nc6 3. Bb5 g6 4. O-O Bg7 5. Re1 Nf6 6. e5 Nd5 7. Nc3 Nc7 8. Bf1 Ne6 9. Nd5 d6 10. exd6 Qxd6 11. Ne3 O-O 12. a4 b6 13. Nc4 Qc7 14. d3 Bb7 15. c3 Rad8 16. Be3 Rd7 17. Qc1 Rfd8 18. Ng5 Nxg5 19. Bxg5 Re8 20. Qe3 Ba6 21. g3 e6 22. Rad1 Ne7 23. Bf4 Qd8 24. Ne5 Nd5 25. Qf3 Rc7 26. d4 Bxf1 27. Kxf1 Nxf4 28. Qxf4 Bxe5 29. Qxe5 Rd7 30. d5 Kf8 31. dxe6 Rxe6 32. Qh8+ Ke7 33. Rxe6+ fxe6 34. Qxh7+ 1-0

[Event "Modransky Cup 2025"]
[Site "Modra"]
[Date "2025.02.21"]
[Round "3.5"]
[White "Banas, Kamil"]
[Black "Meszaros, Casey Ryan"]
[Result "1-0"]
[Annotator "ChessBase"]
[ECO "C45"]
[WhiteElo "2178"]
[BlackElo "2003"]
[PlyCount "69"]
[EventDate "2025.02.20"]
[EventCountry "SVK"]
[SourceTitle "playchess.com"]
[Source "ChessBase"]
[SourceQuality "1"]
[TimeControl "5400+30"]

1. e4 e5 2. Nf3 Nc6 3. d4 exd4 4. Nxd4 Bc5 5. Nxc6 Qf6 6. Qf3 Qxf3 7. gxf3 dxc6 8. Be3 Bxe3 9. fxe3 Be6 10. Rg1 g6 11. Bd3 O-O-O 12. Nd2 Nh6 13. Ke2 f5 14. exf5 Bxf5 15. Bxf5+ Nxf5 16. c3 Rde8 17. e4 Rhf8 18. Rg4 Ng7 19. Rh4 Nh5 20. Ke3 Nf6 21. c4 Re5 22. f4 Rh5 23. Rxh5 Nxh5 24. Rf1 Kd7 25. Nb3 b6 26. Nd4 c5 27. Nf3 Nf6 28. e5 Re8 29. Rd1+ Kc6 30. h3 a6 31. Ng5 h6 32. Nf7 Nd7 33. Rg1 g5 34. fxg5 hxg5 35. Rxg5 1-0

[Event "Modransky Cup 2025"]
[Site "Modra"]
[Date "2025.02.21"]
[Round "3.6"]
[White "Smetana, Peter"]
[Black "Chlpek, Daniel"]
[Result "1/2-1/2"]
[Annotator "NA"]
[ECO "C45"]
[WhiteElo "1947"]
[BlackElo "2039"]
[PlyCount "39"]
[EventDate "2025.02.20"]
[EventCountry "SVK"]
[SourceTitle "playchess.com"]
[Source "ChessBase"]
[SourceQuality "1"]
[TimeControl "5400+30"]

1. e4 e5 2. Nf3 Nc6 3. d4 exd4 4. Nxd4 Nf6 5. Nxc6 bxc6 6. Bd3 d5 7. exd5 cxd5 8. O-O Be7 9. c4 O-O 10. Nc3 Be6 11. cxd5 Nxd5 12. Nxd5 Qxd5 13. Qc2 Qh5 14. Bf4 Bd6 15. Bg3 Bxg3 16. fxg3 Rad8 17. Rf4 g6 18. b3 Qe5 19. Rd1 Rd4 20. Re4 1/2-1/2

[Event "Modransky Cup 2025"]
[Site "Modra"]
[Date "2025.02.21"]
[Round "3.7"]
[White "Bucor, Mark"]
[Black "Iankin, Arseni"]
[Result "1/2-1/2"]
[Annotator "NA"]
[ECO "C11"]
[WhiteElo "1875"]
[BlackElo "2016"]
[PlyCount "37"]
[EventDate "2025.02.20"]
[EventCountry "SVK"]
[SourceTitle "playchess.com"]
[Source "ChessBase"]
[SourceQuality "1"]
[TimeControl "5400+30"]

1. e4 e6 2. d4 d5 3. Nc3 Nf6 4. e5 Nfd7 5. Nf3 c5 6. Bg5 Qa5 7. dxc5 Nc6 8. Bf4 Bxc5 9. Qd2 Bb4 10. a3 d4 11. Nxd4 Ndxe5 12. O-O-O Bxc3 13. Qxc3 Qxc3 14. bxc3 Bd7 15. Nxc6 Nxc6 16. Bb5 O-O-O 17. Bxc6 Bxc6 18. f3 f6 19. Be3 1/2-1/2

[Event "Modransky Cup 2025"]
[Site "Modra"]
[Date "2025.02.21"]
[Round "3.8"]
[White "Osvald, David"]
[Black "Galla, Richard"]
[Result "1/2-1/2"]
[Annotator "NA"]
[ECO "D36"]
[WhiteElo "1852"]
[BlackElo "1960"]
[PlyCount "59"]
[EventDate "2025.02.20"]
[EventCountry "SVK"]
[SourceTitle "playchess.com"]
[Source "ChessBase"]
[SourceQuality "1"]
[TimeControl "5400+30"]

1. d4 Nf6 2. c4 e6 3. Nc3 d5 4. cxd5 exd5 5. Bg5 Be7 6. Qc2 O-O 7. e3 c6 8. Bd3 h6 9. Bh4 Re8 10. Nge2 Nbd7 11. O-O Ne4 12. Bxe7 Qxe7 13. Bxe4 dxe4 14. Rfd1 Nf6 15. d5 Bg4 16. dxc6 bxc6 17. Rd2 Bxe2 18. Nxe2 c5 19. Rad1 Red8 20. Nf4 Rxd2 21. Qxd2 Qe5 22. h3 Rc8 23. b3 g5 24. Nd5 Qxd5 25. Qxd5 Nxd5 26. Rxd5 c4 27. bxc4 Rxc4 28. Ra5 Rc7 29. g4 Kg7 30. Kg2 1/2-1/2

[Event "Modransky Cup 2025"]
[Site "Modra"]
[Date "2025.02.21"]
[Round "3.9"]
[White "Ondreicka, Roman"]
[Black "Hitka, Dominik"]
[Result "1/2-1/2"]
[Annotator "NA"]
[ECO "A04"]
[WhiteElo "1842"]
[BlackElo "2099"]
[PlyCount "66"]
[EventDate "2025.02.20"]
[EventCountry "SVK"]
[SourceTitle "playchess.com"]
[Source "ChessBase"]
[SourceQuality "1"]
[TimeControl "5400+30"]

1. Nf3 f5 2. g3 Nf6 3. b3 d6 4. Bg2 e5 5. d3 Be7 6. Bb2 O-O 7. O-O a5 8. c4 Qe8 9. Nc3 Na6 10. e3 Qh5 11. Nd2 Qg6 12. Nd5 Nxd5 13. Bxd5+ Kh8 14. Qe2 c6 15. Bg2 Bd7 16. f4 exf4 17. gxf4 Bf6 18. Bxf6 Qxf6 19. a3 Rae8 20. Rae1 Qb2 21. Rf3 Qxa3 22. Rh3 g6 23. Qf2 Rf7 24. Nf3 Qxb3 25. Ng5 Rg7 26. Qh4 Qc3 27. Nxh7 Kg8 28. Nf6+ Kf7 29. Nxe8 Bxe8 30. e4 Qf6 31. Qh8 Bd7 32. Rhe3 Rg8 33. Qh7+ Rg7 1/2-1/2

[Event "Modransky Cup 2025"]
[Site "Modra"]
[Date "2025.02.21"]
[Round "3.10"]
[White "Pongo, Aron"]
[Black "Sekera, Timotej"]
[Result "1/2-1/2"]
[Annotator "NA"]
[ECO "A08"]
[WhiteElo "2030"]
[BlackElo "1802"]
[PlyCount "59"]
[EventDate "2025.02.20"]
[EventCountry "SVK"]
[SourceTitle "playchess.com"]
[Source "ChessBase"]
[SourceQuality "1"]
[TimeControl "5400+30"]

1. e4 c5 2. Nf3 e6 3. g3 Nc6 4. Bg2 g6 5. O-O Bg7 6. Re1 Nge7 7. d3 O-O 8. Nbd2 d5 9. Nf1 b6 10. Qe2 Bb7 11. h4 dxe4 12. dxe4 Nd4 13. Qd1 Nec6 14. Bg5 f6 15. Be3 e5 16. c3 Nxf3+ 17. Bxf3 Qxd1 18. Bxd1 c4 19. Be2 Na5 20. f3 Rfd8 21. Rad1 h5 22. Rd2 Kf7 23. Red1 Ke7 24. Bf2 Bh6 25. Rxd8 Rxd8 26. Rxd8 Kxd8 27. Ne3 Bxe3 28. Bxe3 Ke7 29. Kf2 Ke6 30. Bd2 1/2-1/2

[Event "Modransky Cup 2025"]
[Site "Modra"]
[Date "2025.02.21"]
[Round "3.11"]
[White "Wolak, Jan"]
[Black "Kapinaj, Matus"]
[Result "0-1"]
[Annotator "NA"]
[ECO "B59"]
[WhiteElo "1762"]
[BlackElo "1999"]
[PlyCount "72"]
[EventDate "2025.02.20"]
[EventCountry "SVK"]
[SourceTitle "playchess.com"]
[Source "ChessBase"]
[SourceQuality "1"]
[TimeControl "5400+30"]

1. e4 c5 2. Nf3 d6 3. d4 cxd4 4. Nxd4 Nf6 5. Nc3 Nc6 6. Be2 e5 7. Nb3 Be7 8. O-O O-O 9. f4 a5 10. f5 a4 11. Nd2 d5 12. exd5 Nxd5 13. Nxd5 Qxd5 14. Nc4 Qxd1 15. Bxd1 b5 16. Nb6 Bc5+ 17. Kh1 Bxb6 18. Bf3 Bb7 19. Bd2 Rfd8 20. Bc3 f6 21. a3 Rd7 22. Rfd1 Rad8 23. Rxd7 Rxd7 24. Be2 Na7 25. Bb4 Be4 26. c4 Bd3 27. Bxd3 Rxd3 28. cxb5 Nxb5 29. Rc1 h5 30. h3 h4 31. Be1 e4 32. Bxh4 e3 33. Rc8+ Kh7 34. Rb8 Bc7 35. Rxb5 Rd1+ 36. Be1 Rxe1# 0-1

[Event "Modransky Cup 2025"]
[Site "Modra"]
[Date "2025.02.21"]
[Round "3.12"]
[White "Skaraiev, Mykhailo"]
[Black "Soldan, Jan"]
[Result "1/2-1/2"]
[Annotator "NA"]
[ECO "D35"]
[WhiteElo "1980"]
[BlackElo "1756"]
[PlyCount "124"]
[EventDate "2025.02.20"]
[EventCountry "SVK"]
[SourceTitle "playchess.com"]
[Source "ChessBase"]
[SourceQuality "1"]
[TimeControl "5400+30"]

1. d4 d5 2. c4 e6 3. Nc3 Nf6 4. cxd5 exd5 5. e3 Be6 6. Nf3 Bd6 7. Bd3 O-O 8. O-O Bg4 9. h3 Bh5 10. e4 dxe4 11. Nxe4 Nbd7 12. Nxd6 cxd6 13. Bf4 Qb6 14. Qd2 Bg6 15. Bxg6 fxg6 16. Rfe1 Nd5 17. Bg3 Rae8 18. Re2 N5f6 19. Rae1 Rxe2 20. Rxe2 Qc6 21. Qe1 d5 22. Re6 Qc2 23. Bd6 Rc8 24. Re7 Qc1 25. Kh2 Qxe1 26. Nxe1 Re8 27. Nc2 Rxe7 28. Bxe7 Ne4 29. f3 Nef6 30. Ne3 Kf7 31. Bd8 Ke6 32. g4 h5 33. Kg3 Nf8 34. Kh4 N8h7 35. Bxf6 Nxf6 36. Kg5 hxg4 37. hxg4 Kf7 38. Ng2 Nh7+ 39. Kf4 Ke6 40. g5 Kd6 41. Ne3 Nf8 42. Nc2 a5 43. Kg4 Nd7 44. f4 Ke6 45. Ne3 Nf8 46. f5+ gxf5+ 47. Nxf5 g6 48. Nh4 b5 49. Nf3 Nd7 50. Kf4 Kd6 51. Ke3 Nf8 52. Nd2 Ne6 53. Nf3 Kc6 54. Ne5+ Kd6 55. Nxg6 Nxg5 56. Ne5 Ne6 57. Nd3 Kc6 58. Nf4 Kd6 59. Nxe6 Kxe6 60. Kf4 Kf6 61. a3 a4 62. Kg4 Kg6 1/2-1/2

[Event "Modransky Cup 2025"]
[Site "Modra"]
[Date "2025.02.21"]
[Round "3.13"]
[White "Povysil, Peter"]
[Black "Kolibik, Jan"]
[Result "1/2-1/2"]
[Annotator "NA"]
[ECO "D00"]
[WhiteElo "1890"]
[BlackElo "1683"]
[PlyCount "55"]
[EventDate "2025.02.20"]
[EventCountry "SVK"]
[SourceTitle "playchess.com"]
[Source "ChessBase"]
[SourceQuality "1"]
[TimeControl "5400+30"]

1. d4 Nf6 2. Nc3 d5 3. Bf4 e6 4. e3 a6 5. Bd3 c5 6. Nf3 c4 7. Be2 Bb4 8. Nd2 Qa5 9. Ncb1 c3 10. bxc3 Bxc3 11. Nxc3 Qxc3 12. O-O O-O 13. Bd3 Nbd7 14. Bd6 Re8 15. f4 b5 16. Rb1 Qc6 17. Be5 Bb7 18. Qe1 g6 19. Qh4 Ne4 20. Rf3 Nxe5 21. fxe5 Nxd2 22. Rh3 h5 23. Bxg6 fxg6 24. Qf6 Kh7 25. Rxh5+ gxh5 26. Qf7+ Kh8 27. Qf6+ Kg8 28. Qg6+ 1/2-1/2

[Event "Modransky Cup 2025"]
[Site "Modra"]
[Date "2025.02.21"]
[Round "3.14"]
[White "Veres, Alex"]
[Black "Grom, Stanislav"]
[Result "1/2-1/2"]
[Annotator "NA"]
[ECO "B00"]
[WhiteElo "1699"]
[BlackElo "1846"]
[PlyCount "86"]
[EventDate "2025.02.20"]
[EventCountry "SVK"]
[SourceTitle "playchess.com"]
[Source "ChessBase"]
[SourceQuality "1"]
[TimeControl "5400+30"]

1. e4 Nc6 2. d4 e5 3. dxe5 Nxe5 4. f4 Ng6 5. Nf3 Bc5 6. Bc4 d6 7. Nc3 Be6 8. Bb3 Bxb3 9. axb3 a6 10. Qd3 Nf6 11. Be3 O-O 12. f5 Bxe3 13. Qxe3 Ng4 14. Qg5 N6e5 15. Qxd8 Raxd8 16. O-O Rfe8 17. Rae1 Nf6 18. h3 Nxf3+ 19. Rxf3 Re5 20. Rfe3 Rde8 21. Kf2 c6 22. g4 h6 23. Kf3 g5 24. Nd1 Nd7 25. Nf2 f6 26. Nd3 Ra5 27. b4 Ra2 28. Rd1 Kf7 29. c3 Ke7 30. Re2 a5 31. Red2 Rd8 32. Nc1 Ne5+ 33. Ke2 Ra4 34. Rd4 axb4 35. cxb4 c5 36. bxc5 Rxd4 37. Rxd4 dxc5 38. Ra4 c4 39. Rb4 Rb8 40. Na2 Kd6 41. Rb6+ Nc6 42. Nb4 Re8 43. Ke3 Kc5 1/2-1/2

[Event "Modransky Cup 2025"]
[Site "Modra"]
[Date "2025.02.21"]
[Round "3.15"]
[White "Hanzel, Richard"]
[Black "Pisarcik, Richard"]
[Result "0-1"]
[Annotator "NA"]
[ECO "E05"]
[WhiteElo "1668"]
[BlackElo "1837"]
[PlyCount "152"]
[EventDate "2025.02.20"]
[EventCountry "SVK"]
[SourceTitle "playchess.com"]
[Source "ChessBase"]
[SourceQuality "1"]
[TimeControl "5400+30"]

1. d4 d5 2. Nf3 Nf6 3. c4 e6 4. g3 Be7 5. Bg2 O-O 6. O-O dxc4 7. Qc2 a6 8. a4 Bd7 9. Qxc4 Bc6 10. Bg5 Nbd7 11. Nc3 Nb6 12. Qd3 Nfd5 13. Bxe7 Qxe7 14. Ne5 Nb4 15. Nxc6 bxc6 16. Qd1 a5 17. Qb3 Rad8 18. Rfd1 c5 19. dxc5 Qxc5 20. Rxd8 Rxd8 21. Ne4 Qe7 22. Rc1 h6 23. Nc5 Rd2 24. Bf3 Qf6 25. Ne4 Qxb2 26. Qxb2 Rxb2 27. Rxc7 Nxa4 28. Ra7 Nc6 29. Ra8+ Rb8 30. Ra6 Rb6 31. Ra8+ Kh7 32. Nd6 Ne5 33. Nc8 Nxf3+ 34. exf3 Rc6 35. Rxa5 Nc3 36. Na7 Rc7 37. Nb5 Rc5 38. Nxc3 Rxa5 39. Kg2 f5 40. f4 Kg6 41. Ne2 Ra4 42. Nc1 Ra3 43. Ne2 Rd3 44. Nc1 Rc3 45. Ne2 Rc4 46. Ng1 Kf6 47. h4 g5 48. hxg5+ hxg5 49. fxg5+ Kxg5 50. Nf3+ Kf6 51. Nd2 Rc2 52. Nf1 e5 53. Ne3 Rd2 54. Nf1 Rd3 55. Nh2 e4 56. Nf1 f4 57. gxf4 Kf5 58. Ng3+ Kxf4 59. Ne2+ Kg4 60. Ng3 Rd4 61. Nf1 Kf4 62. Ng3 Ra4 63. Nh5+ Kg4 64. Nf6+ Kh4 65. Nd5 Ra3 66. Ne3 Rxe3 67. fxe3 Kg4 68. Kf2 Kh3 69. Kf1 Kg3 70. Ke2 Kg2 71. Ke1 Kf3 72. Kd2 Kf2 73. Kd1 Kxe3 74. Ke1 Kf3 75. Kf1 e3 76. Ke1 e2 0-1

[Event "Modransky Cup 2025"]
[Site "Modra"]
[Date "2025.02.21"]
[Round "3.16"]
[White "Nosal, Tobias"]
[Black "Sara, J.S."]
[Result "1-0"]
[Annotator "NA"]
[ECO "A07"]
[WhiteElo "1807"]
[BlackElo "1774"]
[PlyCount "25"]
[EventDate "2025.02.20"]
[EventCountry "SVK"]
[SourceTitle "playchess.com"]
[Source "ChessBase"]
[SourceQuality "1"]
[TimeControl "5400+30"]

1. Nf3 d5 2. g3 b6 3. Bg2 f6 4. d4 Nc6 5. c4 Be6 6. cxd5 Bxd5 7. Nc3 Bf7 8. Qa4 Qd7 9. Ne5 Qe6 10. Qxc6+ Kd8 11. Qxa8+ Qc8 12. Nxf7+ Kd7 13. Qc6# 1-0

[Event "Modransky Cup 2025"]
[Site "Modra"]
[Date "2025.02.21"]
[Round "3.17"]
[White "Pikulik, Roman"]
[Black "Hrckova, Anna"]
[Result "0-1"]
[Annotator "NA"]
[ECO "A23"]
[WhiteElo "1595"]
[BlackElo "1655"]
[PlyCount "52"]
[EventDate "2025.02.20"]
[EventCountry "SVK"]
[SourceTitle "playchess.com"]
[Source "ChessBase"]
[SourceQuality "1"]
[TimeControl "5400+30"]

1. c4 e5 2. Nc3 Nf6 3. g3 c6 4. Bg2 d5 5. cxd5 cxd5 6. e3 Nc6 7. Nge2 Bf5 8. a3 d4 9. Nb1 Qd7 10. O-O Bh3 11. f4 Bxg2 12. Kxg2 Qd5+ 13. Kg1 Rd8 14. fxe5 dxe3 15. exf6 exd2 16. Nxd2 Bc5+ 17. Rf2 Bxf2+ 18. Kxf2 Qf5+ 19. Kg2 Qxf6 20. Qc2 O-O 21. Rb1 Rfe8 22. Nc3 Nd4 23. Qd1 Qc6+ 24. Kf1 Qa6+ 25. Kg2 Nf5 26. Qf3 Ne3+ 0-1

[Event "Modransky Cup 2025"]
[Site "Modra"]
[Date "2025.02.21"]
[Round "3.18"]
[White "Vondruska, Leos"]
[Black "Hudak, Michal"]
[Result "1/2-1/2"]
[Annotator "NA"]
[ECO "C01"]
[WhiteElo "1545"]
[BlackElo "1823"]
[PlyCount "48"]
[EventDate "2025.02.20"]
[EventCountry "SVK"]
[SourceTitle "playchess.com"]
[Source "ChessBase"]
[SourceQuality "1"]
[TimeControl "5400+30"]

1. e4 e6 2. d4 d5 3. exd5 exd5 4. Bb5+ c6 5. Be2 Nf6 6. Nf3 Bd6 7. Bg5 O-O 8. O-O Nbd7 9. Nbd2 h6 10. Bh4 Qc7 11. Bxf6 Nxf6 12. g3 Re8 13. Re1 Ng4 14. Nh4 Nf6 15. c3 Bh3 16. Bf1 Qd7 17. Bg2 Rxe1+ 18. Qxe1 Bxg2 19. Kxg2 Re8 20. Qf1 Qe6 21. Nhf3 Qe2 22. Re1 Qxf1+ 23. Rxf1 Ng4 24. h3 Nf6 1/2-1/2

[Event "Modransky Cup 2025"]
[Site "Modra"]
[Date "2025.02.21"]
[Round "3.19"]
[White "Ronaj, Filip"]
[Black "Banas, Samuel"]
[Result "1/2-1/2"]
[Annotator "NA"]
[ECO "C54"]
[WhiteElo "1746"]
[BlackElo "1617"]
[PlyCount "63"]
[EventDate "2025.02.20"]
[EventCountry "SVK"]
[SourceTitle "playchess.com"]
[Source "ChessBase"]
[SourceQuality "1"]
[TimeControl "5400+30"]

1. e4 e5 2. Nf3 Nc6 3. Bc4 Bc5 4. c3 Nf6 5. d3 h6 6. b4 Bb6 7. a4 a5 8. b5 Ne7 9. O-O O-O 10. Re1 c6 11. Nbd2 d5 12. Bb3 Bg4 13. Nf1 dxe4 14. dxe4 Qxd1 15. Bxd1 Rad8 16. Ba3 Rfe8 17. Nxe5 Bxd1 18. Raxd1 Rxd1 19. Rxd1 Nxe4 20. Ne3 Nxc3 21. Rd7 Ned5 22. N3c4 Nxa4 23. bxc6 bxc6 24. g3 Nb4 25. Rxf7 Nd3 26. Nxd3 Kxf7 27. Nd6+ Ke7 28. Nxe8+ Kxe8 29. Kf1 Kd7 30. Ne5+ Kc7 31. Nc4 c5 32. Ke2 1/2-1/2

[Event "Modransky Cup 2025"]
[Site "Modra"]
[Date "2025.02.21"]
[Round "3.20"]
[White "Vorsilka, Jiri"]
[Black "Bednar, Daniel"]
[Result "0-1"]
[Annotator "NA"]
[ECO "A25"]
[WhiteElo "1653"]
[BlackElo "1720"]
[PlyCount "42"]
[EventDate "2025.02.20"]
[EventCountry "SVK"]
[SourceTitle "playchess.com"]
[Source "ChessBase"]
[SourceQuality "1"]
[TimeControl "5400+30"]

1. c4 e5 2. Nc3 Nc6 3. g3 f5 4. Bg2 Nf6 5. d3 d6 6. e4 fxe4 7. dxe4 Be7 8. b3 O-O 9. Bb2 Nd4 10. Nge2 Bg4 11. h3 Bf3 12. Bxf3 Nxf3+ 13. Kf1 Ng5 14. h4 Ne6 15. f3 Ng4 16. Qd3 Nc5 17. Qd5+ Kh8 18. Kg1 Rxf3 19. Ba3 Ne3 20. Qd2 Qf8 21. Kh2 Rf2+ 0-1

[Event "Modransky Cup 2025"]
[Site "Modra"]
[Date "2025.02.21"]
[Round "3.21"]
[White "Novomeska, Karin"]
[Black "Gonda, Jan"]
[Result "1-0"]
[Annotator "NA"]
[ECO "E04"]
[WhiteElo "2006"]
[BlackElo "1633"]
[PlyCount "70"]
[EventDate "2025.02.20"]
[EventCountry "SVK"]
[SourceTitle "playchess.com"]
[Source "ChessBase"]
[SourceQuality "1"]
[TimeControl "5400+30"]

1. d4 Nf6 2. c4 e6 3. Nf3 d5 4. g3 Bb4+ 5. Nbd2 O-O 6. Bg2 dxc4 7. O-O Nbd7 8. Nxc4 Be7 9. Qc2 c6 10. Rd1 Nb6 11. b3 Nxc4 12. bxc4 Qc7 13. e4 Bd7 14. Bf4 Qc8 15. e5 Nh5 16. Ng5 g6 17. Bc1 Bxg5 18. Bxg5 Ng7 19. Bf6 h6 20. Be4 Kh7 21. Qe2 Rg8 22. g4 Qf8 23. Qf3 Ne8 24. Bh4 Kh8 25. Rab1 Rb8 26. d5 g5 27. Bg3 cxd5 28. cxd5 b6 29. Rbc1 Rc8 30. Rxc8 Bxc8 31. d6 Bd7 32. Rc1 Ng7 33. Rc7 Qd8 34. Qxf7 Be8 35. Qf6 Qb8 1-0

[Event "Modransky Cup 2025"]
[Site "Modra"]
[Date "2025.02.21"]
[Round "3.22"]
[White "Vernerova, Ema"]
[Black "Banas, Kamil"]
[Result "1-0"]
[Annotator "NA"]
[ECO "B50"]
[WhiteElo "1428"]
[BlackElo "1651"]
[PlyCount "44"]
[EventDate "2025.02.20"]
[EventCountry "SVK"]
[SourceTitle "playchess.com"]
[Source "ChessBase"]
[SourceQuality "1"]
[TimeControl "5400+30"]

1. e4 c5 2. Nf3 d6 3. Bc4 Nf6 4. d3 g6 5. Nc3 Bg7 6. O-O O-O 7. Be3 Nc6 8. Qd2 Re8 9. Bh6 Bh8 10. Bg5 Bd7 11. Rfe1 Qc7 12. Rad1 Rac8 13. Nd5 Nxd5 14. Bxd5 b5 15. Qf4 e6 16. Bb3 Bxb2 17. Re3 Bg7 18. Nh4 f6 19. Rf3 fxg5 20. Qf7+ Kh8 21. Nxg6+ hxg6 22. Rh3+ Bh6 1-0

[Event "Modransky Cup 2025"]
[Site "Modra"]
[Date "2025.02.21"]
[Round "3.23"]
[White "Chojnacki, Kevin"]
[Black "Segeda, Milos"]
[Result "1-0"]
[Annotator "NA"]
[ECO "A04"]
[WhiteElo "1643"]
[BlackElo "1519"]
[PlyCount "81"]
[EventDate "2025.02.20"]
[EventCountry "SVK"]
[SourceTitle "playchess.com"]
[Source "ChessBase"]
[SourceQuality "1"]
[TimeControl "5400+30"]

1. Nf3 h6 2. b3 Nc6 3. Bb2 d6 4. d4 Bf5 5. Nbd2 d5 6. a3 e6 7. g3 Be7 8. Bg2 Nf6 9. O-O Qd7 10. Rc1 Nh5 11. h3 Bg6 12. b4 a6 13. c4 b5 14. cxd5 exd5 15. Nb3 O-O 16. Nc5 Bxc5 17. Rxc5 Be4 18. Qc1 Bxf3 19. exf3 Nf6 20. Rxc6 Ra7 21. Rc5 g5 22. Re1 Kg7 23. Re5 Re8 24. Rxe8 Nxe8 25. f4 Nf6 26. fxg5 Ne4 27. gxh6+ Kh7 28. Bxe4+ dxe4 29. Qg5 f6 30. Qxf6 c6 31. Rxc6 Qf7 32. Qxf7+ Rxf7 33. Bc1 Rd7 34. Be3 Rf7 35. Rxa6 Rf3 36. d5 Kg8 37. Kg2 Rf7 38. Ra8+ Kh7 39. Ra7 Rxa7 40. Bxa7 Kxh6 41. d6 1-0

[Event "Modransky Cup 2025"]
[Site "Modra"]
[Date "2025.02.22"]
[Round "4.1"]
[White "Durana, Jonas"]
[Black "Stevik, Patrik"]
[Result "0-1"]
[Annotator "RC"]
[ECO "B20"]
[WhiteElo "2006"]
[BlackElo "2331"]
[PlyCount "96"]
[EventDate "2025.02.20"]
[EventCountry "SVK"]
[SourceTitle "playchess.com"]
[Source "ChessBase"]
[SourceQuality "1"]
[TimeControl "5400+30"]

1. e4 c5 2. g3 d5 3. exd5 Qxd5 4. Nf3 Bg4 5. Bg2 Nc6 6. d3 Nf6 7. Nc3 Qd7 8. O-O e6 9. h3 Bh5 10. Bf4 Be7 11. Re1 O-O 12. g4 Bg6 13. Qe2 Nd4 14. Qd2 Rad8 15. Ne5 Qc8 16. Ne2 Nd7 17. Nxg6 hxg6 18. Qc3 g5 19. Bg3 Nc6 20. Rad1 Nb6 21. Qb3 Bd6 22. Bxd6 Rxd6 23. Bxc6 Qxc6 24. Nc3 Rfd8 25. Qb5 a6 26. Qxc6 Rxc6 27. Re3 f6 28. Kf1 e5 29. Ke2 Kf7 30. Rh1 Rh8 31. Rg3 Nd7 32. Nd5 Nf8 33. c4 Ne6 34. Rgg1 Rd6 35. Ke3 Nf4 36. Kd2 Nxd5 37. cxd5 Rxd5 38. Ke2 Rhd8 39. Rd1 Rd4 40. f3 Ke6 41. a3 a5 42. b3 b5 43. Rc1 Rxd3 44. Rxc5 Rd2+ 45. Ke3 R8d3+ 46. Ke4 Rxb3 47. Rc6+ Kf7 48. Rc7+ Kg6 0-1

[Event "Modransky Cup 2025"]
[Site "Modra"]
[Date "2025.02.22"]
[Round "4.2"]
[White "Shirinyan, Daniel"]
[Black "Janik, Marek Tobias"]
[Result "0-1"]
[Annotator "RC"]
[ECO "D20"]
[WhiteElo "2231"]
[BlackElo "2002"]
[PlyCount "79"]
[EventDate "2025.02.20"]
[EventCountry "SVK"]
[SourceTitle "playchess.com"]
[Source "ChessBase"]
[SourceQuality "1"]
[TimeControl "5400+30"]

1. d4 d5 2. c4 dxc4 3. e4 e5 4. Nf3 exd4 5. Bxc4 Nc6 6. O-O Be7 7. Qb3 Na5 8. Bxf7+ Kf8 9. Qa4 c5 10. Bxg8 Kxg8 11. Bd2 Nc6 12. Qc4+ Kf8 13. a4 Bg4 14. Ra3 Qd7 15. Bg5 Be6 16. Qc1 Kg8 17. Bxe7 Qxe7 18. Ng5 b6 19. Nxe6 Qxe6 20. Nd2 Rd8 21. f4 h6 22. e5 Kf7 23. Nc4 Rhf8 24. f5 Qd5 25. f6 Nxe5 26. Nxe5+ Qxe5 27. Rg3 g5 28. Qc4+ Ke8 29. Qb5+ Kf7 30. Qd3 Ke6 31. Qg6 Rxf6 32. Rxf6+ Qxf6 33. Qe4+ Qe5 34. Qc6+ Ke7 35. Rf3 d3 36. Qg6 Qe1+ 37. Rf1 d2 38. Qf6+ Kd7 39. Qf2 Qxf2+ 40. Kxf2 0-1

[Event "Modransky Cup 2025"]
[Site "Modra"]
[Date "2025.02.22"]
[Round "4.3"]
[White "Chlpek, Daniel"]
[Black "Banas, Kamil"]
[Result "0-1"]
[Annotator "RC"]
[ECO "D02"]
[WhiteElo "2039"]
[BlackElo "2178"]
[PlyCount "78"]
[EventDate "2025.02.20"]
[EventCountry "SVK"]
[SourceTitle "playchess.com"]
[Source "ChessBase"]
[SourceQuality "1"]
[TimeControl "5400+30"]

1. d4 d5 2. Nf3 e6 3. Bg5 Be7 4. Bxe7 Qxe7 5. Nbd2 Nf6 6. e3 O-O 7. Bd3 b6 8. O-O Bb7 9. Ne5 Ne4 10. Nxe4 dxe4 11. Be2 Rd8 12. c3 c5 13. f3 f6 14. Nc4 exf3 15. Bxf3 Bd5 16. Nd2 cxd4 17. exd4 Bxf3 18. Nxf3 Nd7 19. Qb3 Nf8 20. Rae1 Qd6 21. Rf2 Rac8 22. Rfe2 Qd5 23. Qxd5 Rxd5 24. Nd2 Kf7 25. Ne4 h5 26. Re3 g5 27. Rf1 Nh7 28. Nf2 Re8 29. Nd3 f5 30. Re5 Rd6 31. d5 Kf6 32. Rfe1 Nf8 33. c4 Nd7 34. R5e2 e5 35. g3 e4 36. h4 gxh4 37. Nf4 hxg3 38. Nxh5+ Ke5 39. Nxg3 Rg8 0-1